 Dungeon Crawl Stone Soup version 0.23-a0-703-gdf2d5e0dd9 (webtiles) character file.

386 Flugkiller the Ruffian (level 6, -1/61 HPs)
             Began as a Troll Transmuter on Jan 14, 2019.
             Slain by an orc
             ... wielding a +0 trident
              (9 damage)
             ... on level 4 of the Dungeon.
             The game lasted 00:04:17 (2943 turns).

Flugkiller the Ruffian (Troll Transmuter)           Turns: 2943, Time: 00:04:18

Health: -1/61      AC:  5    Str: 19    XL:     6   Next: 48%
Magic:  6/6        EV: 10    Int:  9    God:
Gold:   100        SH:  0    Dex: 12    Spells: 6/7 levels left

rFire    . . .     SeeInvis .     - Unarmed
rCold    . . .     Gourm    +   (no shield)
rNeg     . . .     Faith    .   b - +0 robe
rPois    .         Spirit   .   (helmet restricted)
rElec    .         Reflect  .   (no cloak)
rCorr    .         Harm     .   (gloves unavailable)
MR       .....                  (boots unavailable)
Stlth    +.........             (no amulet)
HPRegen  0.60/turn              (no ring)
MPRegen  0.10/turn              (no ring)

@: no status effects
A: large, unfitting armour, claws 3, fast metabolism 3, gourmand, regeneration
1, shaggy fur 1, tough skin 2
a: no special abilities


You were on level 4 of the Dungeon.
You were very full.

You visited 1 branch of the dungeon, and saw 4 of its levels.

You collected 100 gold pieces.

Inventory:

Missiles
 a - 33 arrows
Armour
 b - a +0 robe (worn)
Jewellery
 f - an uncursed ring of flight {unknown}
   (You found it on level 2 of the Dungeon)
 g - an uncursed ring of fire {unknown}
   (You found it on level 2 of the Dungeon)
Scrolls
 c - a scroll of teleportation
 h - a scroll of remove curse
 i - 2 scrolls of amnesia
 q - a scroll of identify {unknown}
 r - a scroll of fog {unknown}
Potions
 e - a potion of brilliance {unknown}
 k - a potion of haste {unknown}
 l - a potion of ambrosia {unknown}
 m - a potion of heal wounds {unknown}
 n - 2 potions of invisibility {unknown}
 p - a potion of flight {unknown}
 s - a potion of lignification {unknown}
Comestibles
 d - 7 rations
 j - 4 chunks of flesh


   Skills:
 + Level 3.0 Fighting
 + Level 1.9 Dodging
 + Level 6.2 Unarmed Combat
 - Level 1.2 Spellcasting
 - Level 1.3 Transmutations


You had 6 spell levels left.
You knew the following spells:

 Your Spells              Type           Power        Failure   Level  Hunger
a - Beastly Appendage     Tmut           #.....       21%         1    ##.....

Your spell library contained the following spells:

 Spells                   Type           Power        Failure   Level  Hunger
 Sticks to Snakes         Tmut           #.......     30%         2    ###....
 Spider Form              Tmut/Pois      #.........   63%         3    ####...
 Ice Form                 Ice/Tmut       #.......     95%         4    #####..
 Blade Hands              Tmut           #.........   99%         5    ######.


Dungeon Overview and Level Annotations

Branches:
Dungeon (4/15)
 Temple: D:4-7

Altars:


Innate Abilities, Weirdness & Mutations

You are too large for most types of armour.
You have claws for hands.
Your metabolism is lightning-fast.
You like to eat raw meat.
Your natural rate of healing is unusually fast.
You are covered in fur. (AC +1)
You have very tough skin. (AC +2)


Message History

The orc wizard is heavily wounded.
The orc hits you.
* * * LOW HITPOINT WARNING * * *
You feel better. The orc closely misses you.
Unknown command.
You scratch the orc wizard but do no damage.
The orc wizard is heavily wounded.
The orc wizard points at you and mumbles some strange words.
The puff of flame hits you!
* * * LOW HITPOINT WARNING * * *
An orc comes into view. It is wielding a +0 trident.
The orc closely misses you.
You mangle the orc wizard!!
You kill the orc wizard!
Unknown command.
You claw the orc!
You kill the orc!
The orc misses you.
You closely miss the orc priest.
The orc hits you from afar with a +0 trident.
* * * LOW HITPOINT WARNING * * *
The orc hits you but does no damage.
The orc priest looks encouraged for a moment.
You barely miss the orc priest. The orc hits you but does no damage.
The orc barely misses you.
Unknown command.
You mangle the orc priest!!
You kill the orc priest!
Your Fighting skill increases to level 3!
The orc barely misses you. The orc hits you but does no damage.
The orc closely misses you.
Items here: ))) [ a +0 club; a +0 mace; a +0 dagger; a +0 robe You barely miss the orc.
The orc hits you but does no damage. The orc closely misses you.
You closely miss the orc. The orc barely misses you.
You scratch the orc but do no damage. The orc hits you with a +0 trident.
* * * LOW HITPOINT WARNING * * *
The orc hits you.
* * * LOW HITPOINT WARNING * * *
You scratch the orc.
The orc is severely wounded.
The orc hits you with a +0 trident.
* * * LOW HITPOINT WARNING * * *
You scratch the orc but do no damage.
The orc is severely wounded.
The orc hits you.
* * * LOW HITPOINT WARNING * * *
The orc hits you with a +0 trident!
You die...

# ### ..###.#..
......#.#####
...oZ.os....# #Z# # #o# .#
#@###.##># #+## #.o......#
##...## ##)...####
##.....## #.####
##.......## ##..##
#.........###....######.##
+.........+...#...........
#<........###.[...#####.##
##.......# ###.#.#


You could see 3 orcs, a giant cockroach and an adder skeleton.

Vanquished Creatures
  A crimson imp (D:4)
  A hound (D:3)
  An orc priest (D:4)
  2 orc wizards (D:4)
  Jessica (D:3)
  A worker ant (D:3)
  4 adders
  3 gnolls (D:2)
  A white imp (D:4)
  3 oozes
  A worm (D:3)
  4 dart slugs (D:1)
  5 leopard geckos
  7 orcs
  5 bats
  5 giant cockroaches
  14 goblins
  3 hobgoblins
  4 jackals (D:3)
  A quokka (D:3)
  A ball python (D:3)
  5 frilled lizards
  6 kobolds
  8 rats
87 creatures vanquished.

Notes
Turn   | Place    | Note
-------+----------+-------------------------------------------
     0 | D:1      | Flugkiller the Troll Transmuter began the quest for the
                  | Orb.
     0 | D:1      | Reached XP level 1. HP: 18/18 MP: 1/1
    51 | D:1      | Reached XP level 2. HP: 23/26 MP: 2/2
   266 | D:1      | Reached skill level 4 in Unarmed Combat
   354 | D:1      | Reached XP level 3. HP: 32/32 MP: 3/3
  1061 | D:2      | Reached skill level 5 in Unarmed Combat
  1061 | D:2      | Reached XP level 4. HP: 38/40 MP: 4/4
  1498 | D:2      | You fall through a shaft for 2 floors!
  1539 | D:3      | Reached skill level 1 in Fighting
  1855 | D:3      | Reached XP level 5. HP: 48/48 MP: 5/5
  2160 | D:3      | Noticed Jessica
  2164 | D:3      | Killed Jessica
  2821 | D:4      | Reached skill level 6 in Unarmed Combat
  2821 | D:4      | Reached XP level 6. HP: 58/59 MP: 6/6
  2943 | D:4      | Slain by an orc

Vault maps used:
D:1:      psy_arrival_basics, serial_glass, glass_columns_a, glass_columns_c,
          glass_columns_a, glass_columns_b, glass_columns_b, glass_columns_b
D:2:      minmay_chambers_of_ones
D:3:      wander_river, uniq_jessica
D:4:      kennysheep_little_box, first_ration, chequers_serial_rivers_marsh,
          minmay_fire_ice_demons

Skill      XL: |  1  2  3  4  5  6 |
---------------+-------------------+-----
Unarmed Combat | 4 5 6 |  6.2
Fighting       | 1 2 3 |  3.0
Dodging        | |  1.9
Spellcasting   | |  1.2
Transmutations | |  1.3

Action                   |  1- 3 |  4- 6 || total
-------------------------+-------+-------++-------
Melee: Unarmed           |    86 |   145 ||   231
       Punch             |     1 |     2 ||     3
       Headbutt          |     1 |       ||     1
 Cast: Beastly Appendage |     1 |       ||     1
  Use: Scroll            |       |     3 ||     3
       Potion            |       |     2 ||     2
 Stab: Distracted        |       |     1 ||     1
       Sleeping          |       |     1 ||     1
  Eat: Chunk             |    15 |    17 ||    32
Armor: Robe              |    31 |    39 ||    70
Dodge: Dodged            |    43 |    59 ||   102

Table legend:
 A = Non-vault XP
 B = Vault XP
 C = Vault XP percentage of total XP
 D = Non-vault monster count
 E = Vault monster count
 F = Vault count percentage of total count
                 A         B        C        D         E       F
            +---------+---------+-------+---------+---------+-------
      Total |     453 |      99 |  17.9 |      80 |       7 |   8.0
            +---------+---------+-------+---------+---------+-------
        D:1 |      68 |       0 |   0.0 |      29 |       0 |   0.0
        D:2 |      95 |       6 |   5.9 |      13 |       4 |  23.5
        D:3 |     154 |      37 |  19.4 |      30 |       1 |   3.2
        D:4 |     136 |      56 |  29.2 |       8 |       2 |  20.0
            +---------+---------+-------+---------+---------+-------
